 Dungeon Crawl Stone Soup version 0.31.0-32-g396128a36d (webtiles) character file.

Game seed: 15642020387659643177

1458 RiddleReed the Chucker (level 8, 0/53 (60) HPs)
             Began as a Human Wanderer on Mar 26, 2024.
             Was a Follower of Okawaru.
             Slain by a yak (9 damage)
             ... on level 6 of the Dungeon.
             The game lasted 00:12:52 (6635 turns).

RiddleReed the Chucker (Human Wanderer)             Turns: 6635, Time: 00:12:53

HP:   0/53 (60)     AC:  8    Str: 15    XL:     8   Next: 76%
MP:   0/20          EV: 11    Int: 14    God:    Okawaru [*.....]
Gold: 344           SH:  0    Dex: 11    Spells: 7/11 levels left

rFire   . . .        m - +4 spear
rCold   . . .        (no shield)
rNeg    . . .        e - +0 leather armour
rPois   .            k - +0 helmet
rElec   .            o - +2 cloak
rCorr   .            j - +0 pair of gloves
SInv    .            (no boots)
Will    +....        y - amulet of guardian spirit
Stlth   +            W - ring of willpower
HPRegen 0.28/turn    M - ring of magical power
MPRegen 0.17/turn

%: guardian spirit
@: confused, heavily drained
A: explore regen
a: Renounce Religion, Heroism


You were on level 6 of the Dungeon.
You worshipped Okawaru.
Okawaru was aware of your devotion.
You visited 2 branches of the dungeon, and saw 7 of its levels.

You collected 386 gold pieces.
You spent 42 gold pieces at shops.


Innate Abilities, Weirdness & Mutations

You regain HP and MP as you explore.


   Skills:
 - Level 4.0 Fighting
 - Level 2.0 Maces & Flails
 + Level 3.8 Polearms
 - Level 4.0 Throwing
 - Level 1.0 Armour
 - Level 2.0 Spellcasting
 - Level 4.0 Conjurations
 - Level 4.0 Air Magic
 - Level 1.0 Earth Magic
 - Level 4.0 Alchemy
 + Level 3.5 Invocations
 - Level 3.0 Evocations


You had 7 spell levels left.
You knew the following spells:

 Your Spells              Type           Power      Damage    Failure   Level
m - Mephitic Cloud        Conj/Alch/Air  12%        N/A       17%         3
z - Sandblast             Erth           8%         2d5       19%         1

Your spell library contained the following spells:

 Spells                   Type           Power      Damage    Failure   Level
 Magic Dart               Conj           48%        1d5       5%          1
 Mercury Vapours          Alch/Air       24%        N/A       9%          2
 Searing Ray              Conj           24%        2d5       9%          2
 Kiss of Death            Conj/Necr      28%        2d7       13%         1
 Stone Arrow              Conj/Erth      16%        3d8       30%         3
 Passwall                 Erth           4%         N/A       50%         3
 Fulminant Prism          Conj/Alch      6%         3d6       50%         4
 Confusing Touch          Hex            1%         N/A       65%         3
 Brom's Barrelling Bould  Conj/Erth      8%         2d3       71%         4
 Alistair's Intoxication  Alch           8%         N/A       83%         5
 Freezing Cloud           Conj/Ice/Air   4%         6-21      95%         5
 Dispel Undead            Necr           1%         3d6       96%         4
 Borgnjor's Vile Clutch   Necr/Erth      1%         N/A       100%        5
 Eringya's Noxious Bog    Alch           6%         4d6       100%        6

Inventory:

Hand Weapons
 m - a +4 spear (weapon)
 z - a +2 whip of electrocution
Armour
 e - a +0 leather armour (worn)
 j - a +0 pair of gloves (worn)
 k - a +0 helmet (worn)
 o - a +2 cloak (worn)
Jewellery
 y - an amulet of guardian spirit (around neck)
 C - a ring of protection from cold
 F - a ring of fire
 M - a ring of magical power (right hand)
 R - a ring of resist corrosion
 W - a ring of willpower (left hand)
Wands
 c - a wand of flame (2)
 x - a wand of acid (3)
Scrolls
 b - a scroll of revelation {unknown}
 d - 2 scrolls of fog
 f - 3 scrolls of immolation {unknown}
 h - 2 scrolls of blinking {unknown}
 i - 3 scrolls of noise {unknown}
 n - 3 scrolls of teleportation {unknown}
 p - 2 scrolls of fear {unknown}
 q - 3 scrolls of poison {unknown}
 w - a scroll of enchant weapon {unknown}
 A - a scroll of amnesia {unknown}
Potions
 a - a potion of enlightenment {unknown}
 g - 3 potions of curing {@q1}
 l - 2 potions of lignification
 r - a potion of ambrosia
 s - 2 potions of heal wounds {@q2}
 t - a potion of attraction
 u - a potion of berserk rage {!q}
 v - a potion of might
 B - a potion of resistance {unknown}

Dungeon Overview and Level Annotations

Branches:
Dungeon (6/15)             Temple (1/1) D:5

Altars:
Ashenzari
Elyvilon
Fedhas
Gozag
Okawaru
Qazlal
Ru
Trog
Uskayaw
Vehumet
Wu Jian
Yredelemnul
Zin
The Shining One

Shops:
D:2 *   D:3 (

Annotations:
D:4 Grinder

.▒▒.▒▒.#.▒▒.#.... #.
.▒...▒...▒........ #.
...▒.YY....▒...... #.. . #.
..▒▒▒...+.▒▒...... #.. ..##
..▒.▒.+##.▒...##'###.. ....
.......Y....▒.....##..######+##..
...▒...YY..▒▒.....#...........+..
...▒.......▒....zY#...........#..
...............§@§#...........#..
.................Y###...##....#..
....######'###..☼☼..#...##....#..
.... #......#...#.....#.. ....
#......'...#.....'..
#......#...+.....#..
#......###########.. ######## ###


You could see 2 yaks and a wight.


Message History

Casting: Mephitic Cloud (dangerous; 16% risk of failure)
Confirm with . or Enter, or press ? or * to list all spells.
Aiming: Mephitic Cloud (dangerous; 16% risk of failure)
Press: ? - help, Shift-Dir - straight line, p - yak The ball explodes into a vile cloud!
The stinking cloud engulfs the yak.
The yak is almost dead.
The stinking cloud engulfs the yak.
The yak is moderately wounded.
The stinking cloud engulfs you.
You are engulfed in noxious fumes.
You choke on the stench!
You are confused.
You feel like a meek peon again.
The yak is engulfed in noxious fumes.
The yak appears confused.
The yak gores you but does no damage.
The wight hits you with a +3 dire flail.
* * * LOW HITPOINT WARNING * * *
You bump into the rock wall.
You are engulfed in noxious fumes.
You choke on the stench!
You are more confused.
The yak is engulfed in noxious fumes.
The yak appears confused.
The yak gores you!
* * * LOW HITPOINT WARNING * * *
The wight closely misses you.
You bump into the rock wall.
You are engulfed in noxious fumes.
You choke on the stench!
You are more confused.
The yak barely misses you. The yak gores you but does no damage.
The wight barely misses you.
You are engulfed in noxious fumes.
The yak gores you!
You die...

Skill      XL: |  1  2  3  4  5  6  7  8 |
---------------+-------------------------+-----
Fighting       | 2 3 4 |  4.0
Armour         | 1 |  1.0
Conjurations   | 1 2 3 4 |  4.0
Air Magic      | 1 2 3 4 |  4.0
Alchemy        | 1 2 3 4 |  4.0
Maces & Flails | 1 2 |  2.0
Evocations     | 3 |  3.0
Polearms       | 2 3 |  3.8
Invocations    | 2 3 |  3.5
Throwing       | |  4.0
Spellcasting   | |  2.0
Earth Magic    | |  1.0

Action                     |  1- 3 |  4- 6 |  7- 9 || total
---------------------------+-------+-------+-------++-------
  Melee: Dagger            |    93 |       |       ||    93
         Punch             |     1 |       |     4 ||     5
         Whip              |    20 |   102 |   119 ||   241
         Spear             |       |       |   140 ||   140
  Throw: Dart              |     1 |     1 |     2 ||     4
   Cast: Mephitic Cloud    |       |       |     4 ||     4
 Invoke: Heroism           |       |       |     1 ||     1
  Evoke: Wand              |     1 |     2 |       ||     3
    Use: Scroll            |       |       |     7 ||     7
         Potion            |       |       |     2 ||     2
   Stab: Sleeping          |     1 |       |       ||     1
         Confused          |       |       |     2 ||     2
 Armour: Leather armour    |    65 |    66 |   211 ||   342
  Dodge: Dodged            |    55 |    67 |   142 ||   264

Levels and vault maps discovered:
D:1:      tarquinn_simple_flora_water_d, layout_basic,
          dreamdust_ecumenical_altar_sealed_demon, minmay_misc_feat_doors
D:2:      layout_basic, serial_shops, nicolae_shop_window_shopping, basic_altar,
          minmay_randomly_rotated_circles, uniq_jessica
D:3:      layout_basic, serial_shops, nicolae_shop_bloodbath_and_beyond, shop
D:4:      layout_cave_pools, serial_column_ruins, column_ruins_hut,
          column_ruins_grid_2, column_ruins_open_small,
          column_ruins_columns_plus, column_ruins_open_small,
          column_ruins_corridor_straight, column_ruins_corridor_straight,
          column_ruins_grid_1, sigmund_army, uniq_grinder
D:5:      layout_basic, temple_fountains
D:6:      layout_gridville, gup_sewer_entry_spiral, nicolae_zig_zag_zippers
Temple:   nicolae_temple_two_arcs

Notes
Turn   | Place    | Note
-------+----------+-------------------------------------------
     0 | D:1      | RiddleReed the Human Wanderer began the quest for the Orb.
     0 | D:1      | RiddleReed set off with the following items: a +2 dagger, a
                  | curare-tipped dart {=f}, a wand of flame (3), a scroll of
                  | fog, a +0 leather armour; and the following spell
                  | memorised: Sandblast; and the following spells available to
                  | memorise: Passwall.
     0 | D:1      | Reached XP level 1. HP: 15/15 MP: 3/3
   208 | D:1      | Reached skill level 2 in Fighting
   208 | D:1      | Reached XP level 2. HP: 15/22 MP: 5/5
   588 | D:1      | Found a faded altar of an unknown god.
   934 | D:2      | Found a white marble altar of Elyvilon.
   982 | D:2      | Reached XP level 3. HP: 18/28 MP: 6/6
  1009 | D:2      | Reached skill level 3 in Fighting
  1595 | D:2      | Found Addog's Assorted Antiques.
  1598 | D:2      | Bought a scroll labelled DUNICECIGU for 21 gold pieces
  1598 | D:2      | Bought a scroll labelled XILIMPESTAS for 21 gold pieces
  1766 | D:2      | Reached skill level 1 in Armour
  1781 | D:2      | Noticed Jessica
  1785 | D:2      | Killed Jessica
  1786 | D:2      | Reached XP level 4. HP: 32/36 MP: 7/7
  2012 | D:2      | Learned a level 3 spell: Mephitic Cloud
  2906 | D:3      | Found Ciuss's Antique Weapon Boutique.
  3067 | D:3      | Found Copp's Weapon Boutique.
  3147 | D:4      | Noticed Grinder
  3239 | D:4      | Noticed a scorpion
  3292 | D:4      | Killed a scorpion
  3293 | D:4      | Reached skill level 4 in Fighting
  3293 | D:4      | Reached skill level 1 in Conjurations
  3293 | D:4      | Reached skill level 1 in Air Magic
  3293 | D:4      | Reached skill level 1 in Alchemy
  3293 | D:4      | Reached XP level 5. HP: 42/42 MP: 8/8
  3346 | D:4      | Reached XP level 6. HP: 16/48 MP: 7/9
  3527 | D:4      | Reached skill level 1 in Maces & Flails
  3527 | D:4      | Reached skill level 2 in Conjurations
  3527 | D:4      | Reached skill level 2 in Air Magic
  3527 | D:4      | Reached skill level 2 in Alchemy
  3539 | D:4      | Reached skill level 3 in Evocations
  3746 | D:4      | Reached XP level 7. HP: 50/54 MP: 10/10
  4090 | D:5      | Entered Level 5 of the Dungeon
  4214 | D:5      | Reached skill level 2 in Maces & Flails
  4285 | D:5      | Found a staircase to the Ecumenical Temple.
  4297 | Temple   | Entered the Ecumenical Temple
  4325 | Temple   | Became a worshipper of Warmaster Okawaru
  4442 | D:5      | Reached skill level 1 in Polearms
  4442 | D:5      | Reached skill level 3 in Conjurations
  4442 | D:5      | Reached skill level 3 in Air Magic
  4442 | D:5      | Reached skill level 3 in Alchemy
  4562 | D:5      | Reached skill level 1 in Invocations
  4849 | D:5      | Reached skill level 2 in Polearms
  5675 | D:6      | Reached skill level 2 in Invocations
  5675 | D:6      | Reached XP level 8. HP: 20/60 MP: 10/11
  5901 | D:6      | Noticed a yak
  5901 | D:6      | Noticed a yak
  5902 | D:6      | Noticed a yak
  5920 | D:6      | Reached * piety under Okawaru
  6202 | D:6      | Reached skill level 3 in Polearms
  6407 | D:6      | Reached skill level 3 in Invocations
  6610 | D:6      | Killed a yak
  6611 | D:6      | Reached skill level 4 in Conjurations
  6611 | D:6      | Reached skill level 4 in Air Magic
  6611 | D:6      | Reached skill level 4 in Alchemy
  6635 | D:6      | Slain by a yak

Vanquished Creatures
  A yak (D:6)
  2 water moccasins
  2 bullfrogs (D:6)
  4 scorpions
  A wight (D:6)
  A howler monkey (D:6)
  2 jellies
  3 hounds (D:6)
  An orc priest (D:5)
  A bombardier beetle (D:5)
  A sleepcap (D:6)
  A gnoll bouda (D:4)
  4 iguanas
  Jessica (D:2)
  6 gnolls (D:4)
  3 adders
  A river rat (D:6)
  A shadow imp (D:5)
  2 white imps (D:5)
  4 ufetubi
  2 dart slugs
  A ribbon worm (D:5)
  10 orcs
  8 bats
  6 endoplasms
  7 giant cockroaches
  7 hobgoblins
  5 jackals
  5 quokkas
  4 ball pythons
  A frilled lizard (D:1)
  7 goblins
  8 kobolds
  6 rats
119 creatures vanquished.

Table legend: (Time is in decaauts)
 A = Elapsed time spent in this place.
 B = Non-inter-level travel time spent in this place.
 C = Inter-level travel time spent in this place.
 D = Time resting spent in this place.
 E = Time spent auto-exploring this place.
 F = Levels seen in this place.
 G = Mean time per level.
                   A        B        C        D        E       F      G
               +--------+--------+--------+--------+--------+-----+--------+
         Total |   6668 |   6380 |    288 |    645 |   4490 |   7 |  952.6 |
       Dungeon |   6631 |   6352 |    279 |    645 |   4490 |   6 | 1105.2 |
        Temple |     36 |     28 |      8 |      0 |      0 |   1 |   36.0 |
               +--------+--------+--------+--------+--------+-----+--------+

Top non-repeatable levels by time:
     D:2: 1459 daAuts
     D:5: 1421 daAuts
     D:6: 1029 daAuts
     D:4: 995 daAuts
     D:1: 912 daAuts
     D:3: 813 daAuts
  Temple: 36 daAuts

Table legend:
 A = Non-vault XP
 B = Vault XP
 C = Vault XP percentage of total XP
 D = Non-vault monster count
 E = Vault monster count
 F = Vault count percentage of total count
                 A         B        C        D         E       F
            +---------+---------+-------+---------+---------+-------
      Total |    1975 |     108 |   5.2 |      99 |      20 |  16.8
            +---------+---------+-------+---------+---------+-------
        D:1 |      27 |       0 |   0.0 |      16 |       0 |   0.0
        D:2 |      21 |      55 |  72.4 |      13 |      11 |  45.8
        D:3 |      18 |       0 |   0.0 |      10 |       0 |   0.0
        D:4 |     530 |      17 |   3.1 |      26 |       2 |   7.1
        D:5 |     483 |       0 |   0.0 |      21 |       0 |   0.0
        D:6 |     896 |      36 |   3.9 |      13 |       7 |  35.0
            +---------+---------+-------+---------+---------+-------
